[Event "GCT Superbet Rapid Poland 2025"]
[Site "Warsaw"]
[Date "2025.04.27"]
[Round "4.2"]
[White "Gavrilescu, David"]
[Black "Duda, Jan-Krzysztof"]
[Result "1/2-1/2"]
[ECO "B83"]
[WhiteElo "2554"]
[BlackElo "2739"]
[Annotator "TA"]
[PlyCount "158"]
[EventDate "2025.??.??"]
[EventType "rapid"]
[TimeControl "1500+10"]

1. e4 c5 2. Nf3 e6 3. Be2 Nc6 4. O-O Nf6 5. Nc3 Be7 6. d4 cxd4 7. Nxd4 d6 8. Nxc6 bxc6 9. Qd3 {[%emt 0:00:06] B83: Sicilian Scheveningen: 6 Be2, lines without ...a6.} O-O ({RR} 9... d5 10. Qg3 O-O 11. Bh6 Ne8 12. Bf4 Bh4 13. Qf3 Bg5 14. Bxg5 Qxg5 15. Na4 Nf6 16. Bd3 e5 17. Rfe1 Re8 18. Qg3 h6 19. c3 a5 20. Rad1 Rb8 21. b3 Nh5 22. Qxg5 hxg5 23. Bc2 Nf6 24. h3) ({RR} 9... d5 10. Qg3 O-O 11. Bh6 Ne8 12. Bf4 Bh4 13. Qf3 Bg5 14. Bxg5 Qxg5 15. Na4 Nf6 16. Bd3 e5 17. Rfe1 Re8 18. Qg3 h6 19. c3 a5 20. Rad1 Rb8 21. b3 Nh5 22. Qxg5 hxg5 23. Bc2 Nf6 24. h3 {Firouzja,A (2777)-Sarana,A (2682) Douglas IOM 2023 ½-½ (58)}) 10. Qg3 a5 $146 (10... Kh8 11. a4 ({RR} 11. Rd1 Qc7 12. b3 e5 13. Kh1 Be6 14. f4 Rad8 15. Bb2 exf4 16. Qxf4 Nd7 17. Rd2 Ne5 18. Rf1 h6 19. Qg3 f5 20. exf5 Rxf5 21. Rxf5 Bxf5 22. Nd1 Bg5 23. Ne3 Bxe3 24. Qxe3 Ng6 25. Qxh6+) 11... d5 12. Bd3 a5 13. Re1 Ba6 14. Bxa6 Rxa6 15. Bf4 Nh5 16. Qd3 Rb6 {½-½ Esipenko,A (2695)-Kobalia,M (2538) Titled Tuesday intern op 04th Feb Early blitz 2025 (10)}) ({RR} 10... e5 11. f4 Nd7 12. Bg4 Bh4 13. Qh3 Bf6 14. Ne2 exf4 15. Bxf4 Bxb2 16. Rad1 Nf6 17. Bxc8 Qxc8 18. Qb3 Rb8 19. Qa4 Be5 20. Bxe5 dxe5 21. Ng3 Qc7 22. h3 Rfd8 23. Nf5 g6 24. Qxc6 Qxc6 25. Ne7+ {Salinas Herrera,P (2479)-Yu,Y (2703) Budapest HUN 2024 0-1 (54)}) ({RR} 10... Kh8 11. e5 dxe5 12. Qxe5 Nd5 13. Rd1 Bd6 14. Qh5 Nxc3 15. bxc3 Qc7 16. Rd4 g6 17. Qh6 f6 18. Be3 e5 19. Rd2 Be6 20. Rad1 Rfd8 21. Bxa7 c5 22. Bf3 Bf8 23. Bxa8 Rxa8 24. Qh4 g5 25. Qh5) ({RR} 10... Nd7 11. Be3 Rb8 12. Na4 Rb4 13. b3 Rxe4 14. Bf3 Rh4 15. Bxc6 Ne5 16. Bb5 Rg4 17. Qh3 Bb7 18. f3 Rg6 19. Rad1 Qa5 20. Be2 Bc6 21. Rd4 Qc7 22. Nb2 d5 23. Rdd1 Bb7 24. Bf4 Qxc2 25. Rd2) ({RR} 10... Kh8 11. a4 d5 12. Bd3 a5 13. Re1 Ba6 14. Bxa6 Rxa6 15. Bf4 Nh5 16. Qd3 Rb6 17. Bc1 Nf6 18. b3 Bb4 19. Rd1 Rb8 20. Bf4 Rc8 21. exd5 cxd5 22. Nb5 Ne4 23. c4 Qf6 24. Be3 Nc5 25. Qc2 {Esipenko,A (2695)-Kobalia,M (2538) chess.com INT 2025 ½-½ (47)}) ({RR} 10... Nd7 11. Be3 Rb8 12. Na4 Rb4 13. b3 Rxe4 14. Bf3 Rh4 15. Bxc6 Ne5 16. Bb5 Rg4 17. Qh3 Bb7 18. f3 Rg6 19. Rad1 Qa5 20. Be2 Bc6 21. Rd4 Qc7 22. Nb2 d5 23. Rdd1 Bb7 24. Bf4 Qxc2 25. Rd2 {Jamrich,G (2207)-Kantor,G (2403) Budapest 2015 0-1 (36)}) ({RR} 10... Kh8 11. Rd1 Qc7 12. b3 e5 13. Kh1 Be6 14. f4 Rad8 15. Bb2 exf4 16. Qxf4 Nd7 17. Rd2 Ne5 18. Rf1 h6 19. Qg3 f5 20. exf5 Rxf5 21. Rxf5 Bxf5 22. Nd1 Bg5 23. Ne3 Bxe3 24. Qxe3 Ng6 25. Qxh6+ {Siddharth,J (2516)-Sartbayev,A (1702) Almaty KAZ 2024 1-0}) 11. b3 {[%emt 0:04:36] White has an edge.} Ba6 12. Bxa6 (12. Bh6 $5 Ne8 $8 13. Bxa6 Rxa6 14. Rad1 $14) 12... Rxa6 13. e5 dxe5 14. Qxe5 Nd5 {[%emt 0:02:12][%cal Bf6d5,Bd5b4,Bb4d3][%mdl 32] [#]} 15. Ne4 Qb8 16. Qxb8 Rxb8 17. c4 Nb4 18. Bf4 Rd8 19. Rfd1 Nd3 20. Bd6 Bxd6 21. Rxd3 Be7 ({Avoid the trap} 21... Bxh2+ $2 22. Kxh2 Rxd3 23. Nc5 $18) 22. Rxd8+ Bxd8 $11 {[%emt 0:00:01][%mdl 4096] Endgame KRB-KRN} 23. Rd1 Be7 24. Rd7 Kf8 25. c5 Ra8 26. g3 Rd8 27. Ra7 f5 28. Nd6 $1 Bxd6 29. cxd6 Rxd6 30. Rxa5 {[%emt 0:00:02] KR-KR} Ke7 31. Ra7+ Kf6 32. Rc7 Rd2 33. Rxc6 Rxa2 34. h4 Rb2 35. Rb6 g6 36. Kg2 h6 37. Kf3 g5 38. hxg5+ hxg5 39. Ke3 Rc2 40. Rb8 Rc3+ 41. Kd2 {[%emt 0:00:01] The position is equal.} Rc5 42. Rd8 Ke7 43. Rd3 e5 44. Rc3 Rd5+ 45. Kc2 e4 46. Rc6 Ra5 {[%emt 0:00:39] [#]} 47. Kd2 Rd5+ 48. Ke2 Rd3 49. Rg6 g4 50. Rb6 Rf3 51. b4 e3 52. fxe3 Rxg3 53. b5 Rg2+ 54. Kf1 Rb2 55. Kg1 Re2 56. Rc6 Rxe3 {[%emt 0:00:13] And now ...Re6 would win.} 57. b6 $1 Rb3 58. Rh6 Kf7 59. Kg2 f4 60. Rh4 Rb2+ 61. Kf1 Rb1+ 62. Kg2 Rb2+ 63. Kf1 Kg6 64. Rxg4+ Kf5 65. Rh4 Rb3 66. b7 Ke4 67. Rh3 Rxb7 68. Ra3 Kf5 69. Kf2 Kg4 70. Rc3 Rb2+ 71. Kf1 Rh2 72. Ra3 Rh3 73. Rxh3 Kxh3 {[%emt 0:00:01] KP-K. Black is a pawn up.} 74. Kf2 Kg4 75. Kg2 f3+ 76. Kf2 Kf4 77. Kf1 Kg3 {[%emt 0:00:02] (  ...f2)} 78. Kg1 f2+ 79. Kf1 Kf3 {Weighted Error Value: White=0.02 (flawless) /Black=0.04 (flawless)  Inaccurate:   	---    	Black=2   OK:     	White=36  	Black=28   Best:    	White=7   	Black=1   Strong:    	White=2   	---} 1/2-1/2

[Event "GCT Superbet Rapid Poland 2025"]
[Site "Warsaw"]
[Date "2025.04.27"]
[Round "4.4"]
[White "Topalov, Veselin"]
[Black "Aravindh, Chithambaram VR."]
[Result "0-1"]
[ECO "C78"]
[WhiteElo "2717"]
[BlackElo "2749"]
[Annotator "TA"]
[PlyCount "84"]
[EventDate "2025.??.??"]
[EventType "rapid"]
[TimeControl "1500+10"]

1. e4 e5 2. Nf3 Nc6 3. Bb5 a6 4. Ba4 Nf6 5. O-O b5 6. Bb3 Bc5 7. c3 d6 8. d4 Bb6 9. a4 Bb7 10. Re1 O-O 11. Bg5 h6 12. Bh4 b4 {[%emt 0:00:14] C78: Ruy Lopez: Archangelsk and Möller Defences.} 13. h3 $146 ({RR} 13. Qd3 Na5 14. Nbd2 bxc3 15. bxc3 Nxb3 16. Nxb3 a5 17. Rad1 Qe7 18. c4 c5 19. dxe5 dxe5 20. Qd6 Qxd6 21. Rxd6 Bc7 22. Rdd1 Nxe4 23. Rd7 Rac8 24. Nxe5 Rfe8 25. Nd3 Bc6 26. Re7 g5 27. Rxe8+ Rxe8 {Song,Y (2317)-Ju,W (2560) Fuling 2022 0-1 (54)}) ({RR} 13. Bd5 g5 14. Bxc6 Bxc6 15. Nxg5 hxg5 16. Bxg5 Kg7 17. Re3 Qd7 18. Rg3 Nh7 19. Qh5 f6 20. Bxf6+ Kxf6 21. Rg6+ Ke7 22. Rg7+ Kd8 23. Rxd7+ Kxd7 24. Qxh7+ Kc8 25. a5 Ba7 26. Nd2 bxc3 27. bxc3 exd4 {Dominguez Perez,L (2748)-Sindarov,J (2674) chess.com INT 2024 0-1 (40)}) ({RR} 13. d5 Na5 14. cxb4 Nxb3 15. Qxb3 g5 16. Bg3 Nh5 17. Na3 f5 18. exf5 Qf6 19. a5 Ba7 20. b5 Qxf5 21. b6 Nxg3 22. bxa7 g4 23. fxg3 gxf3 24. gxf3 Qxf3 {½-½ (24) Aryan,C (2632)-Madaminov,M (2512) Biel SUI 2024}) ({RR} 13. dxe5 Nxe5 14. Nxe5 dxe5 15. Nd2 bxc3 16. bxc3 Qe7 17. Nc4 Rad8 18. Qf3 Bc8 19. Qg3 Rfe8 20. Rad1 Rxd1 21. Rxd1 Bb7 22. Nxb6 cxb6 23. Rd7 Qxd7 24. Bxf6 g5 25. h4 g4 26. Bxe5 Bxe4 27. Qf4 Qf5 {Horvath,R (2025)-Kilgus,G (2393) Graz 2022 0-1 (41)}) 13... bxc3 14. bxc3 Re8 $146 {[%emt 0:00:03] White is slightly better.} (14... g5 15. Bg3 Qe7 16. d5 Na5 17. Ba2 c6 18. c4 Rac8 19. Nbd2 cxd5 20. cxd5 Rc3 {0-1 Meszaros,M (2376)-Friedel,J (2498) WMSG Blitz Team 1st 2008 (11)}) 15. d5 {[%emt 0:04:07][%cal Oh4f6] and Bxf6! should not be overlooked} Na5 16. Ba2 (16. Bc2 $11) 16... g5 $15 17. Nxg5 hxg5 $17 18. Bxg5 Kg7 (18... Bxf2+ $2 19. Kxf2 Kh8 (19... Nxe4+ $2 20. Rxe4 Qd7 21. Nd2 $18) 20. Bh4 $18) 19. Qf3 Rh8 20. Nd2 Bc8 21. Nf1 (21. h4) 21... Kg6 $1 22. h4 Rh5 23. Qg3 Bd7 24. Re3 (24. Rab1 $17 {was called for.}) 24... Bxe3 $19 25. Nxe3 Nxe4 (25... Bxa4 26. Bb1 Rb8 27. f4 Rxb1+ 28. Rxb1 Nxe4 29. f5+ Kg7 30. f6+ (30. Qg4 Rxg5 31. hxg5 Qxg5 $18) 30... Kh8 (30... Nxf6 $2 31. Rf1 $18) 31. Qg4 $18) 26. Bb1 (26. Bxd8+ {was forced.} Nxg3 27. Bxc7 Ne2+ 28. Kf1 Nxc3 29. Bxa5 Nxa2 (29... Nxa4 30. g3 $17) 30. g3) 26... Rxg5 $2 (26... f5 $1 $19 {and Black stays clearly on top.} 27. Bxe4 Rxg5 28. Bxf5+ (28. hxg5 $2 fxe4 29. f4 exf4 $19) 28... Bxf5 29. hxg5 Bd7 (29... Qxg5 $2 30. Nxf5 Kxf5 31. Qh3+ Qg4 32. Qh6 $19)) 27. hxg5 $17 {[%emt 0:00:02] [#]} Qxg5 $1 28. Bxe4+ (28. Qxg5+ $6 Kxg5 29. Bxe4 Nb3 $11) 28... f5 {[%emt 0:00:01][%cal Og5g3] Strongly threatening ...Qxg3!.} 29. Bc2 Qxg3 {[%emt 0:00:11] Successful Defense Black} (29... Nb7 $1 $17 30. Qh3 Nc5) 30. fxg3 $11 Kg5 31. Rb1 $1 {[%emt 0:00:17] Prevents Nb7} f4 32. Nf1 Bf5 33. Bxf5 Kxf5 {[%emt 0:00:02][%mdl 4096] Endgame KRN-KRN} 34. Nd2 {[%emt 0:00:17] Repels Nc4} (34. Rb4 $11) 34... Re8 (34... fxg3 $17 35. Rf1+ Kg4) 35. Rb4 fxg3 36. Ne4 ({White should try} 36. Kf1 $15) 36... Rg8 $17 37. Nd2 {[%emt 0:00:35] [#]} Rg4 $1 38. Nf1 (38. Kf1 $17) 38... Rxb4 $19 (38... Nc4 39. Rxc4 Rxc4 40. Ne3+ (40. Nxg3+ $2 {loses.} Kg6 $19) 40... Ke4 41. Nxc4 $18) 39. cxb4 {[%emt 0:00:03] [#]} Kf4 $1 40. bxa5 (40. Nd2 $19 e4 (40... Nb7 41. a5 $14) 41. Kf1 (41. bxa5 e3 $19)) 40... e4 {[%emt 0:00:01] Black mates.} 41. Nd2 e3 42. Nf3 e2 {[%emt 0:00:02] Weighted Error Value: White=0.49/Black=0.18 (very precise) Missed win: 	--- 	Black=1 Mistake: 	White=9 	Black=2 Inaccurate: 	White=2 	--- OK: 	White=6 	Black=10 Best: 	White=1 	Black=6 Strong: 	White=1 	Black=2} 0-1

[Event "GCT Superbet Rapid Poland 2025"]
[Site "Warsaw"]
[Date "2025.04.27"]
[Round "4.5"]
[White "Fedoseev, Vladimir"]
[Black "Vachier-Lagrave, Maxime"]
[Result "1/2-1/2"]
[ECO "D85"]
[WhiteElo "2739"]
[BlackElo "2722"]
[Annotator "TA"]
[PlyCount "102"]
[EventDate "2025.??.??"]
[EventType "rapid"]
[TimeControl "1500+10"]

1. d4 Nf6 2. c4 g6 3. Nc3 d5 4. cxd5 Nxd5 5. e4 Nxc3 6. bxc3 Bg7 7. Nf3 c5 8. h3 O-O 9. Be2 cxd4 {[%emt 0:00:14] D85: Exchange Grünfeld: Unusual White 7th moves and lines with 7 Nf3.} 10. cxd4 Nc6 11. Be3 Qa5+ 12. Bd2 Qa3 13. d5 Ne5 ({Much worse is} 13... Bxa1 14. Qxa1 Nb4 15. O-O $16) 14. O-O Bd7 {[%emt 0:00:25] is the new trend.} 15. Rb1 Ba4 16. Qe1 Nd3 17. Bb4 $146 (17. Bxd3 Qxd3 18. Bg5 Rfe8 19. Qa5 b5 20. Rbc1 h6 21. Rfe1 Rac8 22. Rxc8 Rxc8 23. Bxe7 {½-½ Giri,A (2752)-Vachier Lagrave,M (2734) Saint Louis Rapid 2023 (1)}) ({RR} 17. Bxd3 Qxd3 18. Bg5 Rfe8 19. Qa5 b5 20. Rbc1 h6 21. Rfe1 Rac8 22. Rxc8 Rxc8 23. Bxe7 Bd1 24. Qd2 Qxd2 25. Nxd2 Ba4 26. e5 Rc2 27. Bb4 a5 28. Bxa5 Rxa2 29. e6 fxe6 30. dxe6 Ra1 31. Rxa1 Bxa1 {Giri,A (2752)-Vachier Lagrave,M (2734) Saint Louis USA 2023 ½-½ (59)}) ({RR} 17. Bxd3 Qxd3 18. Bg5 Rfe8 19. Qb4 b5 20. Bxe7 a5 21. Qc5 Qxe4 22. d6 b4 23. Rfe1 Qb7 24. Ne5 Bd7 25. Nxf7 Qb5 26. Qxb5 Bxb5 27. Ne5 Bxe5 28. Rxe5 Bd7 29. g4 Kf7 30. Rb3 Ra7 31. Kh2 Ba4 {Amburgy,R (2266)-Johnson,D (2362) Charlotte USA 2025 1-0 (47)}) ({RR} 17. Bxd3 Qxd3 18. Bg5 Rfe8 19. Rxb7 Bb5 20. Bxe7 Qxf1+ 21. Qxf1 Bxf1 22. Kxf1 Rab8 23. Rxa7 Bf8 24. Bxf8 Kxf8 25. Ng5 h6 26. Nxf7 Rxe4 27. g3 Re7 28. Rxe7 Kxe7 29. Nxh6 Rd8 30. Ng4 Rxd5 31. Kg2 Ra5 {Sevian,S (2684)-Vachier Lagrave,M (2757) Chess.com INT 2022 ½-½ (47)}) ({RR} 17. Bxd3 Qxd3 18. Bg5 Rfe8 19. Qa5 b5 20. Rbc1 h6 21. Rfe1 Rac8 22. Rxc8 Rxc8 23. Bxe7 Bd1 24. Qd2 Qxd2 25. Nxd2 Ba4 26. e5 Rc2 27. Bb4 a5 28. Bxa5 Rxa2 29. e6 fxe6 30. dxe6 Ra1 31. Rxa1 Bxa1 {Giri,A (2752)-Vachier Lagrave,M (2734) Saint Louis USA 2023 ½-½ (59)}) 17... Nxb4 (17... Qxa2 $2 18. Bxd3 Rfe8 19. Bc3 $18) 18. Qxb4 Qxa2 {[%emt 0:00:02] Hoping for ...a5.} (18... Qxb4 19. Rxb4 Bc2 20. e5 Rfc8) 19. Bc4 {[%emt 0:00:28] [#]} a5 $1 20. Bxa2 axb4 21. Rxb4 b5 22. e5 Rfd8 23. Re1 Bh6 24. g4 Bc2 25. Rb2 Ra3 26. Nd4 Bd3 27. Nc6 (27. Nxb5 Bxb5 28. d6 Bd7 (28... exd6 $2 29. Bxf7+ Kxf7 30. Rxb5 $19) 29. dxe7 Re8 $19) 27... Rda8 28. Bb1 (28. Nxe7+ $2 {too greedy.} Kf8 29. Bb1 Kxe7 $17) (28. d6 $1 $14 Bg5 (28... Rxa2 $2 29. Rxa2 Rxa2 30. dxe7 $18) 29. f4 (29. Nxe7+ Kf8 $16) 29... Bxf4 30. d7 (30. Nxe7+ Kf8 $11)) 28... Bc4 29. Nxe7+ Kf8 30. d6 Rxh3 31. Be4 Ra4 32. Kg2 Rc3 {[%emt 0:01:56] The position is equal.} 33. f3 Bg5 34. Nd5 Bxd5 35. Bxd5 Rd4 $1 $132 {[%emt 0:00:01][%mdl 2048] [#] Black puts up resistance} 36. Bxf7 Kxf7 (36... Rc1 37. Ree2) 37. e6+ Ke8 38. Rxb5 Rd2+ (38... Rxd6 {simplifies} 39. Rxg5 Rd2+ 40. Kg3 Rdd3) 39. Kg3 {[%emt 0:00:04] Rb8+ would kill now. Chess con chili.} Rxd6 $1 40. Rxg5 $11 {[%emt 0:00:03][%mdl 4096] Endgame next Rb5 is good for White. KRR-KRR. White is a pawn up.} Rdd3 41. Rf1 Ke7 42. Ra5 Kxe6 43. Ra6+ Kf7 44. Ra7+ Kg8 45. Kf4 Ra3 46. Re7 h6 47. Kg3 Re3 48. Rd7 Red3 49. Re7 Re3 50. Rd7 Red3 51. Re7 Re3 {[%emt 0:00:01] Weighted Error Value: White=0.07 (flawless) /Black=0.05 (flawless) Mistake: 	White=1 	--- Inaccurate: 	White=2 	Black=5 OK: 	White=20 	Black=18 Best: 	White=2 	Black=1 Strong: 	--- 	Black=3} 1/2-1/2

[Event "GCT Superbet Rapid Poland 2025"]
[Site "Warsaw"]
[Date "2025.04.27"]
[Round "5.1"]
[White "Vachier-Lagrave, Maxime"]
[Black "Gavrilescu, David"]
[Result "1-0"]
[ECO "B91"]
[WhiteElo "2722"]
[BlackElo "2554"]
[Annotator "TA"]
[PlyCount "75"]
[EventDate "2025.??.??"]
[EventType "rapid"]
[TimeControl "1500+10"]

1. e4 c5 2. Nf3 d6 3. d4 cxd4 4. Nxd4 Nf6 5. Nc3 a6 6. g3 e5 7. Nb3 $1 {[%emt 0:00:04][%mdl 4] is currently scoring better than 7.Nde2. B91: Sicilian Najdorf: 6 g3.} Be7 8. Bg5 Be6 9. Bxf6 {[%emt 0:00:03] The position is equal.} Bxf6 10. Qd3 Be7 (10... O-O $11) 11. O-O-O $14 Nd7 12. f4 Nf6 13. f5 Bd7 14. Be2 Bc6 15. g4 h6 16. h4 Nd7 17. Qg3 Qc7 $146 (17... b5 18. Kb1 Rc8 19. a3 Qb6 20. g5 hxg5 21. hxg5 Rxh1 22. Rxh1 Bf8 23. Qd3 Nc5 24. Nxc5 dxc5 {1-0 Daulyte Cornette,D (2405)-Brunello,M (2378) EU-Cup (Women) 24th 2019 (2.1)}) ({RR} 17... b5 18. Kb1 Rc8 19. a3 Qb6 20. g5 hxg5 21. hxg5 Rxh1 22. Rxh1 Bf8 23. Qd3 Nc5 24. Nxc5 dxc5 25. Nd5 Qb7 26. f6 g6 27. Rh8 Bxd5 28. Qh3 Be6 29. Rxf8+ Kd7 30. Rxf7+ {1-0 (30) Daulyte Cornette,D (2405)-Brunello,M (2378) Ulcinj 2019}) 18. Bc4 Rc8 19. Rh2 b5 20. Bd5 b4 21. Bxc6 bxc3 22. Ba4 Kf8 23. Bxd7 $1 (23. Qxc3 $2 Qxc3 24. bxc3 Nb6 $19) 23... Qxd7 24. bxc3 a5 25. Rd5 (25. Nxa5 Qa4 26. Nb3 Qxe4 $15 (26... Qxa2 27. Rd5 $11)) (25. Qxe5 a4 26. Na5 Qc7 $19 (26... dxe5 27. Rxd7 g6 28. Rhd2 $16)) 25... a4 26. Nd2 Qa7 27. g5 Rb8 {[%emt 0:01:26] [#] Black is weak on the light squares} (27... Qd7 $16) 28. g6 $1 $18 Qb7 29. Kd1 {[%emt 0:01:07] Active counter play!} Qb2 (29... fxg6 $16 30. fxg6 (30. Qxg6 Qb2 $16) 30... Bf6) 30. Qd3 {[%emt 0:00:27] Hoping for Qc4.} (30. Rg2 Qa1+ 31. Ke2 Qxa2 32. gxf7 Bf6 33. Rxd6 Qxf7) 30... Qxa2 (30... Qb6 $16 {keeps fighting.} 31. Rg2 fxg6) 31. Rxd6 (31. Ke2 $18 {is more deadly.}) 31... a3 $2 {[%emt 0:01:09][%mdl 8192] [#] This move loses the game for Black.} (31... fxg6 $16 {is more resistant.} 32. Rg2 (32. Rxg6 $2 {too greedy.} Rd8 $17) 32... g5 (32... Bxh4 $2 33. Nf3 $18) (32... gxf5 33. exf5 a3 34. Rgg6 $11)) 32. Ke2 $1 Kg8 (32... Ke8 $142 33. Ra6 Kf8) (32... Qb2 33. Qc4) 33. Rd7 {[%emt 0:00:20] Threatening mate with c4.} Bf6 {[%emt 0:00:11] [#]} 34. Nb3 $1 {[%emt 0:00:49] White mates.} h5 (34... fxg6 35. fxg6) 35. gxf7+ Kh7 {[%emt 0:00:03] [#]} 36. Qf3 $1 Kh6 {[%emt 0:00:17] [#]} (36... Qxc2+ 37. Nd2) 37. Rg2 $1 Qxc2+ 38. Rd2 {[%emt 0:00:03] Weighted Error Value: White=0.13 (very precise) /Black=0.70 Loses game: 	--- 	Black=1 Mistake: 	White=1 	Black=6 Inaccurate: 	White=2 	Black=2 OK: 	White=11 	Black=8 Best: 	White=2 	Black=2 Strong: 	White=2 	---} 1-0

[Event "GCT Superbet Rapid Poland 2025"]
[Site "Warsaw"]
[Date "2025.04.27"]
[Round "5.2"]
[White "Deac, Bogdan-Daniel"]
[Black "Topalov, Veselin"]
[Result "1-0"]
[ECO "C92"]
[WhiteElo "2668"]
[BlackElo "2717"]
[Annotator "TA"]
[PlyCount "127"]
[EventDate "2025.??.??"]
[EventType "rapid"]
[TimeControl "1500+10"]

1. e4 e5 2. Nf3 Nc6 3. Bb5 a6 4. Ba4 Nf6 5. O-O Be7 6. Re1 b5 7. Bb3 d6 8. c3 O-O 9. h3 Bb7 10. d4 Re8 11. a3 {[%emt 0:00:30] C92: Closed Ruy Lopez: 9...Be6, Karpov and Flohr-Zaitsev Variations.} h6 12. Ba2 Bf8 13. Nbd2 $146 {[%emt 0:01:27] The position is equal.} ({RR} 13. d5 Nb8 14. c4 c6 15. Nc3 Nbd7 16. dxc6 Bxc6 17. cxb5 axb5 18. b4 Nb6 19. Bb2 Qd7 20. Qd3 Nh5 21. Rad1 Nf4 22. Qe3 Nc4 23. Bxc4 bxc4 24. Nxe5 Nxh3+ 25. gxh3 Rxe5 26. Nd5 Rg5+ 27. Kh2 Bxd5 {Mammadzada,G (2449)-Ivanchuk,V (2656) Salamanca ESP 2023 0-1 (45)}) ({RR} 13. d5 Ne7 14. b3 c5 15. c4 bxc4 16. bxc4 Ng6 17. Bb3 Bc8 18. Ba4 Bd7 19. Nc3 Rb8 20. Bd2 Nh5 21. g3 Re7 22. Kg2 Qc8 23. Bxd7 Rxd7 24. Nh2 Nf6 25. Qf3 Rb3 26. Nf1 Rdb7 27. Ne3 Ne7 {Firouzja,A (2759)-Le,Q (2709) chess24.com INT 2021 0-1 (49)}) ({RR} 13. d5 Ne7 14. b3 c6 15. c4 Rc8 16. Bd2 Qd7 17. Nc3 Ng6 18. Rc1 Be7 19. Bb1 Bd8 20. Be3 bxc4 21. bxc4 Ba5 22. Qb3 Rc7 23. Red1 cxd5 24. cxd5 Rec8 25. Ne2 Rxc1 26. Rxc1 Rxc1+ 27. Bxc1 Qc7 {Lodici,L (2570)-Sonis,F (2576) Darfo Boario Terme ITA 2025 ½-½}) ({RR} 13. d5 Ne7 14. b3 c6 15. c4 Rc8 16. Bd2 Nd7 17. Nc3 Nc5 18. Be3 cxd5 19. cxd5 Ng6 20. Rc1 Qf6 21. b4 Nd7 22. a4 bxa4 23. Qxa4 Qe7 24. Ne2 Nf6 25. Ng3 Rxc1 26. Rxc1 Rc8 27. Rxc8 Bxc8 {Tsolakidou,S (2427)-Khamdamova,A (2327) Samarkand UZB 2023 1-0 (66)}) 13... Qd7 14. Qc2 a5 15. Qd3 $146 (15. b3 Nh5 16. Nf1 Ne7 17. d5 c6 18. c4 cxd5 19. cxd5 f5 20. exf5 b4 {0-1 Chigaev,M (2560)-Matlakov,M (2709) Moscow Aeroflot op-A 17th 2018 (1)}) 15... Nb8 16. b3 Qc6 17. Bb2 Nbd7 18. b4 Nb6 19. Rac1 (19. dxe5 {looks sharper.} dxe5 20. c4 axb4 21. Nxe5 Rxe5 22. Bxe5 Qe6 23. Bxc7 Rxa3 24. Bb3) 19... Ba6 (19... Qd7 $1 $11 {keeps the balance.}) 20. Qc2 (20. bxa5 $6 Nc4 21. Qb1 Nxa5 $11) (20. Nb3 $16) 20... Nfd7 (20... Nh5 $11) 21. Bb3 (21. bxa5 $6 Nc4 $11) (21. Nb3 $1 $16 d5 22. Nxa5) 21... Nc4 (21... Qb7 $11) 22. Nxc4 (22. Bxc4 $142 bxc4 23. a4) 22... bxc4 $16 23. Ba4 Bb5 24. d5 $1 {[%emt 0:00:18][%csl Of8] Black has a bad bishop} Qb7 {[%emt 0:00:04] [#]} 25. Bxb5 $1 Qxb5 26. Rcd1 (26. a4 $16 Qb7 27. b5) 26... Nb6 $11 27. Bc1 Be7 28. Qe2 Na4 29. Qc2 c6 (29... Nb6 $11) 30. dxc6 $14 Qxc6 31. Be3 Bd8 32. Nd2 Bb6 33. Nf1 Rad8 34. Rd2 axb4 35. axb4 Bxe3 36. Nxe3 (36. Rxe3 Nb6 $14) 36... Nb6 37. Red1 Rd7 {[%emt 0:00:05][%csl Od6] White attacks a weakness} 38. Nf5 Nc8 ({Not} 38... d5 $2 39. exd5 Qg6 40. d6 $18) 39. Rd5 Kh7 40. Ra5 {[%emt 0:00:08] White is much more active.} Nb6 41. Qe2 g6 42. Ng3 Ra8 43. Rda1 Rad8 44. Nf1 d5 45. exd5 (45. Rc5 $16 Qf6 46. exd5) 45... Nxd5 46. Qxe5 Re7 $1 47. Qg3 (47. Ra6 $1 $14 Qxa6 (47... Rxe5 48. Rxc6 Nxc3 49. Rxc4 $16) 48. Qxe7 Nxe7 (48... Qxa1 49. Qxd8 Nxc3 50. Qe7 $11) 49. Rxa6) 47... Qf6 $11 48. R5a3 Nf4 {[%emt 0:00:02] Strongly threatening ...Ne2+.} 49. Qf3 {[%emt 0:00:03] With the idea Ra6.} Ne2+ $1 50. Kh1 Qxf3 51. gxf3 Rd3 52. Ne3 Nxc3 53. Nxc4 Rxf3 54. Kg2 Rd3 55. b5 {[%emt 0:00:32][%cal Bb4b5,Bb5b6][%mdl 32] [#]} Ne2 $2 {[%emt 0:00:07] This move loses the game for Black.} 56. Rxd3 $18 Nf4+ 57. Kg3 Nxd3 {[%emt 0:00:01][%mdl 4096] Endgame KRN-KRN} 58. b6 {[%emt 0:00:03] Ra7 would now be deadly.} Nc5 59. Ra7 Rb7 (59... Re4 $142) 60. Kf4 h5 $2 (60... Kg7 61. Rxb7 Nxb7) 61. Rxb7 {[%emt 0:00:20] White is clearly winning.} Nxb7 62. Ke5 g5 63. Kf6 Kh6 64. Ne5 {[%emt 0:00:03] Weighted Error Value: White=0.17 (very precise) /Black=0.60 Loses game: 	--- 	Black=1 Mistake: 	White=6 	Black=6 Inaccurate: 	White=4 	Black=5 OK: 	White=22 	Black=17 Best: 	White=4 	Black=3 Strong: 	White=2 	Black=2} 1-0